 Dungeon Crawl Stone Soup version 0.23-a0-650-ga4d50d4 (webtiles) character file.

324 galech the Skirmisher (level 6, 0/48 HPs)
             Began as a Demonspawn Fighter on Jan 4, 2019.
             Killed from afar by Natasha (8 damage)
             ... with a magic dart
             ... on level 2 of the Dungeon.
             The game lasted 00:02:52 (2599 turns).

galech the Skirmisher (Demonspawn Fighter)          Turns: 2599, Time: 00:02:53

Health: 0/48       AC:  9    Str: 16    XL:     6   Next: 23%
Magic:  0/6        EV:  7    Int: 10    God:
Gold:   82         SH:  9    Dex: 14    Spells: 5/5 levels left

rFire    . . .     SeeInvis .   a - +0 war axe
rCold    . . .     Gourm    .   c - +0 shield
rNeg     . . .     Faith    .   b - +0 scale mail
rPois    .         Spirit   +   (no helmet)
rElec    .         Reflect  .   (no cloak)
rCorr    .         Harm     .   (no gloves)
MR       .....                  (no boots)
Stlth    ..........             (no amulet)
HPRegen  0.16/turn              (no ring)
MPRegen  0.10/turn              (no ring)

@: hasted and slowed
A: claws 1, thin metallic scales 1, magic shield, rot immunity
a: no special abilities


You were on level 2 of the Dungeon.
You were not hungry.

You visited 1 branch of the dungeon, and saw 2 of its levels.

You collected 82 gold pieces.

Inventory:

Hand Weapons
 a - a +0 war axe (weapon)
Armour
 b - a +0 scale mail (worn)
 c - a +0 shield (worn)
 g - a +0 robe of fire resistance
Scrolls
 e - a scroll of random uselessness {unknown}
 h - 2 scrolls of amnesia {unknown}
 i - a scroll of blinking {unknown}
 j - 2 scrolls of identify {unknown}
 m - 2 scrolls of immolation {unknown}
Potions
 d - a potion of mutation {unknown}
 k - a potion of haste
Comestibles
 f - 3 rations


   Skills:
 + Level 4.0 Fighting
 + Level 3.7 Axes
 + Level 3.9 Armour
 + Level 1.0 Dodging
 + Level 3.6 Shields


You had 5 spell levels left.
You didn't know any spells.
Your spell library was empty.

Dungeon Overview and Level Annotations

Branches:
Dungeon (2/15)

Altars:

Annotations:
D:2 Natasha


Innate Abilities, Weirdness & Mutations

You have sharp fingernails.
You are partially covered in thin metallic scales. (AC +2)
When hurt, damage is shared between your health and your magic reserves.
You are immune to rotting.


Message History

Natasha is almost dead.
You closely miss the crimson imp. Natasha claws you but does no damage.
The crimson imp hits you but does no damage.
Natasha casts a spell at you.
You feel as though you will be slow longer.
You closely miss Natasha.
Natasha is almost dead.
You closely miss the crimson imp.
The crimson imp blinks!
Natasha stares at you and mumbles some strange words.
You resist with some effort.
You closely miss Natasha.
Natasha is almost dead.
The crimson imp disappears in a puff of smoke!
Natasha barely misses you.
You closely miss Natasha.
Natasha is almost dead.
You block Natasha's attack. Natasha casts a spell at you.
The magic dart hits you!
You die...

#...#.##.###.#...............# #.
#...#.##...#.#.##.##..##.....####
#...#........................'...
#...######.####..####.###....#...
####....##.####...<#### #....#...
#....'.....#..### ######...
#....#.#........# #...
#..<......##§h#.# #...
###..........@..# #...
#.#...........###### #...
######....#.######)#....# #...
.....†........# #......# #...
.......#############.#..######...
.......# #..........#......#####
.......# #.......(..(..###.#...#
######## #..........#(####.#.#.#
#..........#......#.#..


You could see Natasha.

Vanquished Creatures
  Sigmund (D:2)
  Natasha (twice) (D:2)
  4 gnolls
  3 adders (D:2)
  An ooze (D:2)
  2 worms (D:2)
  2 dart slugs (D:1)
  4 leopard geckos
  3 bats
  2 giant cockroaches
  4 goblins
  3 hobgoblins
  2 quokkas
  A ball python (D:2)
  A frilled lizard (D:1)
  3 kobolds
  8 rats
46 creatures vanquished.

Notes
Turn   | Place    | Note
-------+----------+-------------------------------------------
     0 | D:1      | galech the Demonspawn Fighter began the quest for the Orb.
     0 | D:1      | Reached XP level 1. HP: 18/18 MP: 1/1
    31 | D:1      | Gained mutation: You are partially covered in thin metallic
                  | scales. (AC +2) [demonic ancestry]
    31 | D:1      | Reached XP level 2. HP: 16/24 MP: 2/2
   730 | D:2      | Gained mutation: When hurt, damage is shared between your
                  | health and your magic reserves. [demonic ancestry]
   730 | D:2      | Reached XP level 3. HP: 29/29 MP: 3/3
  1038 | D:2      | Noticed Sigmund
  1174 | D:2      | Killed Sigmund
  1174 | D:2      | Gained mutation: You have sharp fingernails. [demonic
                  | ancestry]
  1174 | D:2      | Reached XP level 4. HP: 34/37 MP: 2/4
  1174 | D:2      | Reached XP level 5. HP: 39/42 MP: 2/5
  1199 | D:2      | Noticed Natasha
  1201 | D:2      | Killed Natasha
  2071 | D:1      | Gained mutation: You are immune to rotting. [demonic
                  | ancestry]
  2071 | D:1      | Reached XP level 6. HP: 26/48 MP: 6/6
  2325 | D:2      | Reached skill level 1 in Dodging
  2382 | D:2      | Noticed Natasha
  2397 | D:2      | Killed Natasha
  2397 | D:2      | Reached skill level 4 in Fighting
  2576 | D:2      | Noticed Natasha
  2599 | D:2      | Killed from afar by Natasha

Vault maps used:
D:1:      ebering_hopf_link, minmay_pentomino_t4
D:2:      uniq_sigmund, uniq_natasha

Skill      XL: |  1  2  3  4  5  6 |
---------------+-------------------+-----
Axes           | 2 3 |  3.7
Armour         | 3 |  3.9
Shields        | 3 |  3.6
Dodging        | 1 |  1.0
Fighting       | 4 |  4.0

Action                   |  1- 3 |  4- 6 || total
-------------------------+-------+-------++-------
Melee: War axe           |   104 |   131 ||   235
  Use: Potion            |     1 |     1 ||     2
  Eat: Chunk             |       |     6 ||     6
Armor: Scale mail        |    48 |    62 ||   110
Dodge: Dodged            |    22 |    43 ||    65
Block: Shield            |    61 |    76 ||   137

Table legend:
 A = Non-vault XP
 B = Vault XP
 C = Vault XP percentage of total XP
 D = Non-vault monster count
 E = Vault monster count
 F = Vault count percentage of total count
                 A         B        C        D         E       F
            +---------+---------+-------+---------+---------+-------
      Total |     203 |     261 |  56.2 |      41 |       5 |  10.9
            +---------+---------+-------+---------+---------+-------
        D:1 |      70 |       6 |   7.9 |      18 |       3 |  14.3
        D:2 |     133 |     255 |  65.7 |      23 |       2 |   8.0
            +---------+---------+-------+---------+---------+-------
